[Event "Titled Tuesday Blitz May 9 Early 2023"]
[White "Nastase, Robert-Paul"]
[Black "Winkels, Marcel"]
[WhiteFideId "1221175"]
[BlackFideId "1003887"]
[WhiteElo "2175"]
[BlackElo "1900"]
[Result "1-0"]
[Round "10"]
[TimeControl "180+2"]
[Date "2023.05.09"]
[WhiteClock "0:00:14"]
[BlackClock "0:00:00"]

1. e4 Nf6 2. Nc3 c5 3. e5 Ng8 4. Bc4 e6 5. Nf3 d5 6. exd6 Bxd6 7. O-O Nf6 8. d4 cxd4 9. Qxd4 O-O 10. Rd1 Be7 11. Be3 Qxd4 12. Nxd4 Nbd7 13. Ndb5 a6 14. Nc7 Rb8 15. Ba7 b5 16. Bxe6 Rb7 17. N7d5 Bd8 18. Bxd7 Bxd7 19. Bc5 Re8 20. h3 Be6 21. Nf4 Bb6 22. Nxe6 fxe6 23. Bxb6 Rxb6 24. Rd2 b4 25. Na4 Rc6 26. f3 Rec8 27. c3 Nd5 28. cxb4 Nxb4 29. Nc3 R6c7 30. Re1 Kf7 31. Rd6 Re7 32. a3 Nc6 33. Ne4 h6 34. Nc5 a5 35. Nxe6 Rce8 36. Rxc6 Rxe6 37. Rcxe6 Rxe6 38. Rxe6 Kxe6 39. Kf2 Kd5 40. Ke3 Kc4 41. b4 axb4 42. axb4 Kxb4 43. Kd4 Kb5 44. Kd5 Kb6 45. Kd6 Kb5 46. Ke7 Kc4 47. Kf7 g5 48. Kg6 g4 49. fxg4 h5 50. gxh5 Kd5 51. h6 Ke4 52. h7 Kf4 53. h8=Q Kg3 54. Qb2 Kh2 55. Qf2 Kh1 56. Qf3 Kh2 57. g4 Kg1 58. Qe2 Kh1 59. Kf5 Kg1 60. Kf4 Kh1 61. Kg3 1-0


[Site "https://www.chess.com"]

[Event "Titled Tuesday Blitz May 9 Early 2023"]
[White "Cramling Bellon, Anna"]
[Black "Zaichenko, Daria"]
[WhiteFideId "32009232"]
[BlackFideId "4197453"]
[WhiteElo "1976"]
[BlackElo "2039"]
[Result "0-1"]
[Round "10"]
[TimeControl "180+2"]
[Date "2023.05.09"]
[WhiteClock "0:00:00"]
[BlackClock "0:00:32"]

1. e3 e5 2. d3 d5 3. Ne2 c5 4. Nd2 Nc6 5. Ng3 f5 6. Nb3 Nf6 7. Be2 Bd6 8. O-O O-O 9. c4 d4 10. exd4 Nxd4 11. Nxd4 cxd4 12. b4 Bxb4 13. Rb1 Bd6 14. Qb3 Kh8 15. Ba3 b6 16. Bf3 Rb8 17. Rfc1 Be6 18. Bxd6 Qxd6 19. Qb5 Qc5 20. Qxc5 bxc5 21. Rb5 Rxb5 22. cxb5 Rc8 23. a4 c4 24. dxc4 Rxc4 25. Rxc4 Bxc4 26. Nxf5 e4 27. Bd1 d3 28. Ne3 Ba2 29. f3 Bb1 30. a5 d2 31. b6 axb6 32. axb6 Nd7 33. b7 Bd3 34. Kf2 Ba6 35. fxe4 Bxb7 36. Nd5 Nf6 37. Nxf6 gxf6 38. Ke3 Kg7 39. g3 Kg6 40. Bc2 Kg5 41. Kxd2 Kg4 42. Ke3 Kh3 43. Kf4 Bc8 44. g4 Bxg4 45. Bd3 h5 46. Bf1+ Kxh2 0-1


[Site "https://www.chess.com"]

[Event "Titled Tuesday Blitz May 9 Early 2023"]
[White "Rodriguez Santiago, Jaime"]
[Black "Ismayilova, Khanim"]
[WhiteFideId "3100898"]
[BlackFideId "13429019"]
[WhiteElo "2025"]
[BlackElo "1633"]
[Result "1-0"]
[Round "10"]
[TimeControl "180+2"]
[Date "2023.05.09"]
[WhiteClock "0:00:26"]
[BlackClock "0:00:06"]

1. c4 e6 2. Nf3 d5 3. g3 Nf6 4. Bg2 Be7 5. O-O O-O 6. b3 c5 7. e3 Nc6 8. Bb2 b6 9. Qe2 Ba6 10. d3 Rc8 11. Nc3 Bb7 12. Rad1 d4 13. exd4 Nxd4 14. Nxd4 Bxg2 15. Kxg2 cxd4 16. Ne4 Nxe4 17. dxe4 e5 18. f4 f6 19. Rd3 Bc5 20. f5 Qd7 21. g4 b5 22. cxb5 Qxb5 23. h4 Bb4 24. Rf2 Qa6 25. a4 Rc7 26. g5 Kh8 27. gxf6 gxf6 28. Kh3 Qb7 29. Rg2 Rg7 30. Rdg3 Rfg8 31. Rxg7 Rxg7 32. Rxg7 Kxg7 33. Bc1 Qc6 34. Qg4+ Kh8 35. Bh6 Qc3+ 36. Kh2 Qc2+ 37. Kh1 Qb1+ 38. Kg2 Qc2+ 39. Kh1 Qb1+ 40. Kh2 Qc2+ 41. Qg2 d3 42. Kg1 Bc5+ 43. Kh2 Qxg2+ 44. Kxg2 Kg8 45. Bd2 Kf7 46. Kf3 Ke7 47. b4 Bd4 48. Be3 Kd7 49. Bxd4 exd4 50. b5 Kd6 51. a5 Kc5 52. b6 axb6 53. a6 Kc6 54. e5 Kc5 55. a7 Kc4 56. a8=Q Kc3 57. Qc6+ Kb2 58. exf6 d2 59. Ke2 d3+ 60. Kxd2 b5 61. Qc3+ Ka2 62. Qxd3 h5 63. Qxb5 Ka3 64. Kc3 Ka2 65. Qb2# 1-0


[Site "https://www.chess.com"]

[Event "Titled Tuesday Blitz May 9 Early 2023"]
[White "Aung Thant Zin"]
[Black "Sadovsky, Artem"]
[WhiteFideId "13000063"]
[BlackFideId "4155840"]
[WhiteElo "2278"]
[BlackElo "2314"]
[Result "0-1"]
[Round "10"]
[TimeControl "180+2"]
[Date "2023.05.09"]
[WhiteClock "0:00:51"]
[BlackClock "0:01:13"]

1. e4 d5 2. exd5 Qxd5 3. Nc3 Qd8 4. g3 c6 5. Bg2 Nf6 6. Nge2 e5 7. a4 Bc5 8. O-O O-O 9. d3 h6 10. a5 Bg4 11. h3 Bf5 12. g4 Bg6 13. Ng3 Nbd7 14. Nce4 Nxe4 15. dxe4 Nf6 16. Qe2 Qc7 17. a6 b5 18. Be3 Nd7 19. Rfd1 Bxe3 20. Qxe3 Rfd8 21. Nf5 Bxf5 22. exf5 Rac8 23. b4 Qb6 24. Qe2 Nf6 25. Qxe5 Re8 26. Qc3 Re2 27. Rd2 Qxf2+ 0-1


[Site "https://www.chess.com"]

[Event "Titled Tuesday Blitz May 9 Early 2023"]
[White "Flis, Pawel"]
[Black "Wessendorf, Thomas, Dr."]
[WhiteFideId "1112864"]
[BlackFideId "4604270"]
[WhiteElo "1822"]
[BlackElo "2280"]
[Result "0-1"]
[Round "10"]
[TimeControl "180+2"]
[Date "2023.05.09"]
[WhiteClock "0:00:00"]
[BlackClock "0:01:24"]

1. e4 c5 2. Nf3 d5 3. exd5 Nf6 4. c4 e6 5. dxe6 Bxe6 6. Nc3 Nc6 7. d3 Be7 8. Be2 O-O 9. O-O Qd7 10. Bg5 Rad8 11. a3 h6 12. Bh4 Bf5 13. Bxf6 Bxf6 14. Ne4 Bxb2 15. Nxc5 Qe7 16. Rb1 Bf6 17. Nxb7 Rd7 18. Qa4 Rxb7 19. Rxb7 Qxb7 20. d4 Nxd4 21. Nxd4 Bxd4 22. Bf3 Qb6 23. Qd7 Bxd7 24. a4 Bxa4 25. h3 Bc6 0-1


[Site "https://www.chess.com"]

[Event "Titled Tuesday Blitz May 9 Early 2023"]
[White "Acikel, Mert"]
[Black "Maluco_do_Natal_00"]
[WhiteFideId "12956465"]
[WhiteElo "2097"]
[BlackElo "2027"]
[Result "1-0"]
[Round "10"]
[TimeControl "180+2"]
[Date "2023.05.09"]
[WhiteClock "0:00:15"]
[BlackClock "0:00:00"]

1. e4 c5 2. Nf3 Nc6 3. Bb5 e6 4. O-O Nge7 5. d4 cxd4 6. Nxd4 a6 7. Nxc6 Nxc6 8. Be2 Bc5 9. c4 Qc7 10. Nc3 O-O 11. b3 Nd4 12. Bb2 b6 13. Rc1 Bb7 14. Bd3 Qf4 15. a3 a5 16. h3 Rad8 17. Ne2 Nxe2+ 18. Qxe2 Rfe8 19. Bc3 Bxa3 20. Rcd1 Bc5 21. Qh5 g6 22. Qe2 Qg5 23. Kh1 Qh4 24. f4 d5 25. cxd5 exd5 26. e5 d4 27. Be1 Qxh3+ 28. Kg1 Qh6 29. Bg3 Qg7 30. f5 gxf5 31. Bh2 Be4 32. Bxe4 fxe4 33. Qxe4 d3+ 34. Kh1 Rd4 35. Qf5 Rg4 36. Rd2 Re6 37. Qxd3 h5 38. Qd8+ Kh7 39. Rd7 Re7 40. Rxe7 Bxe7 41. Qxe7 Rxg2 42. Rxf7 1-0


[Site "https://www.chess.com"]

[Event "Titled Tuesday Blitz May 9 Early 2023"]
[White "Llanos, Guillermo"]
[Black "Stead, Kerry"]
[WhiteFideId "100358"]
[BlackFideId "3202577"]
[WhiteElo "2225"]
[BlackElo "1997"]
[Result "1-0"]
[Round "10"]
[TimeControl "180+2"]
[Date "2023.05.09"]
[WhiteClock "0:02:10"]
[BlackClock "0:00:00"]

1. Nf3 d5 2. g3 c5 3. Bg2 Nc6 4. d4 Bg4 5. Ne5 Nxe5 6. dxe5 e6 7. c4 dxc4 8. Qa4+ Qd7 9. Qxd7+ Kxd7 10. Bxb7 Rb8 11. Ba6 Ne7 12. Bxc4 Nc6 13. f4 Be7 14. Na3 Nb4 15. Kf2 h5 16. h4 Kc7 17. b3 1-0


[Site "https://www.chess.com"]

[Event "Titled Tuesday Blitz May 9 Early 2023"]
[White "Butti, Enrique"]
[Black "Panico, Nick"]
[WhiteFideId "3700470"]
[BlackFideId "2026724"]
[WhiteElo "2080"]
[BlackElo "1982"]
[Result "1/2-1/2"]
[Round "10"]
[TimeControl "180+2"]
[Date "2023.05.09"]
[WhiteClock "0:00:18"]
[BlackClock "0:01:01"]

1. d4 f5 2. Nf3 Nf6 3. g3 g6 4. Bg2 Bg7 5. O-O O-O 6. c4 d6 7. Nc3 Nc6 8. d5 Ne5 9. Nd2 e6 10. Qc2 exd5 11. cxd5 Bd7 12. b3 c6 13. Bb2 Rc8 14. dxc6 bxc6 15. Rad1 Qe7 16. e4 fxe4 17. Ncxe4 Nxe4 18. Nxe4 d5 19. Nc5 Bg4 20. Rde1 Qd6 21. f4 Nd7 22. Bxg7 Kxg7 23. Nxd7 Qxd7 24. Qc5 Rfe8 25. Re5 Rxe5 26. fxe5 Re8 27. Qd4 Qe6 28. Re1 Re7 29. b4 h5 30. a4 Bf5 31. b5 cxb5 32. axb5 Be4 33. Bxe4 dxe4 34. Rxe4 Rb7 35. Qc5 Qb6 36. Rc4 Qxb5 37. Qxb5 Rxb5 38. Rc7+ Kh6 39. e6 Re5 40. e7 a5 41. Ra7 a4 42. Rxa4 Rxe7 43. Ra2 Re6 1/2-1/2


[Site "https://www.chess.com"]

[Event "Titled Tuesday Blitz May 9 Early 2023"]
[White "Sanchez, Robert"]
[Black "Floresvillar Gonzalez, Luis Migu"]
[WhiteFideId "2034360"]
[BlackFideId "5100542"]
[WhiteElo "1873"]
[BlackElo "2040"]
[Result "0-1"]
[Round "10"]
[TimeControl "180+2"]
[Date "2023.05.09"]
[WhiteClock "0:00:41"]
[BlackClock "0:00:02"]

1. e4 c5 2. Nf3 d6 3. d4 cxd4 4. Nxd4 Nf6 5. Nc3 a6 6. Bg5 Nbd7 7. f4 h6 8. Bh4 e5 9. fxe5 Nxe5 10. Qe2 Bg4 11. Nf3 Be7 12. Bg3 Qa5 13. O-O-O O-O 14. h3 Bxf3 15. gxf3 Rac8 16. Rg1 Rxc3 17. bxc3 Qxc3 18. Qd3 Qa1+ 19. Kd2 Qxd1+ 20. Kxd1 Nxd3 21. Bxd3 Rc8 22. Bh4 Rc5 23. Bxf6 Bxf6 24. Ke2 b5 25. Rb1 Rh5 26. a4 Rxh3 27. axb5 axb5 28. Rxb5 Rh2+ 29. Kf1 Be5 30. Rb7 Bd4 31. Rb8+ Kh7 32. e5+ g6 33. exd6 Rf2+ 34. Ke1 Rxf3 35. d7 Bf6 36. d8=Q Bxd8 37. Rxd8 h5 38. c4 h4 39. Ke2 Rf6 40. Be4 Re6 41. Kd3 f5 42. Bd5 Re1 43. Kd2 Re7 44. c5 h3 45. c6 Rc7 46. Rd7+ 0-1


[Site "https://www.chess.com"]

[Event "Titled Tuesday Blitz May 9 Early 2023"]
[White "Srebrnic, Ana"]
[Black "Kiseljova, Marya"]
[WhiteFideId "14603314"]
[BlackFideId "4155009"]
[WhiteElo "2181"]
[BlackElo "1831"]
[Result "1/2-1/2"]
[Round "10"]
[TimeControl "180+2"]
[Date "2023.05.09"]
[WhiteClock "0:00:14"]
[BlackClock "0:00:06"]

1. e4 c5 2. Nf3 Nc6 3. Bb5 e5 4. O-O Bd6 5. Nc3 Nge7 6. d3 O-O 7. Bd2 a6 8. Bxc6 Nxc6 9. Ne1 Bc7 10. f4 exf4 11. Bxf4 Bxf4 12. Rxf4 d6 13. Qd2 Ne5 14. Rf1 Be6 15. Nf3 Qe7 16. Qf4 Ng6 17. Qe3 b5 18. Ne2 d5 19. exd5 Bxd5 20. Qxe7 Nxe7 21. Nf4 Bc6 22. Rae1 Ng6 23. Nxg6 fxg6 24. Ne5 Bd5 25. Rxf8+ Rxf8 26. Nd7 Rc8 27. Nb6 Rd8 28. Nxd5 Rxd5 29. Re6 a5 30. Rb6 c4 31. dxc4 bxc4 32. c3 Rd2 33. h3 Kf7 34. Rb5 Kf6 35. Kh2 h6 36. Kg3 g5 37. Kf3 h5 38. g4 h4 39. Rb6+ Kf7 40. Ke4 Rd3 41. Kf5 Rxh3 42. Kxg5 Rh2 43. Rb7+ Ke6 44. Rxg7 Rxb2 45. Kxh4 Rxa2 46. Ra7 a4 47. Kh5 Kf6 48. Ra6+ Kg7 49. Kg5 a3 50. Ra7+ Kg8 51. Kg6 Kf8 52. g5 Ra1 53. Ra8+ Ke7 54. Kg7 a2 55. g6 Ke6 56. Kg8 Ke7 57. g7 Ke6 58. Ra6+ Ke7 59. Ra4 Ke6 60. Rxc4 Rg1 61. Ra4 a1=Q 62. Rxa1 Rxa1 63. Kh8 Rh1+ 64. Kg8 Rc1 65. Kh7 Rh1+ 66. Kg6 Rg1+ 67. Kh7 Rh1+ 68. Kg6 Rg1+ 69. Kh7 Rh1+ 1/2-1/2


[Site "https://www.chess.com"]

[Event "Titled Tuesday Blitz May 9 Early 2023"]
[White "Necula, Iulian"]
[Black "Pein, Jonathan"]
[WhiteFideId "1232380"]
[BlackFideId "417092"]
[WhiteElo "1790"]
[BlackElo "2151"]
[Result "1-0"]
[Round "10"]
[TimeControl "180+2"]
[Date "2023.05.09"]
[WhiteClock "0:01:43"]
[BlackClock "0:01:50"]

1. d4 d5 2. Nc3 a6 3. Bf4 Nf6 4. e3 Bf5 5. f3 h5 6. Bd3 Bxd3 7. cxd3 Nc6 8. a3 e6 9. Qb3 Qd7 10. Rc1 Bd6 11. Nge2 h4 12. Kd2 Na5 13. Qc2 Rc8 14. b4 Nc6 15. Na4 e5 16. Bg5 exd4 17. exd4 Qf5 18. Bxf6 Qxf6 19. Rce1 Nxd4 20. Nxd4+ Kd7 21. Nc5+ Kd8 22. Nxb7+ Kd7 23. Qc6# 1-0


[Site "https://www.chess.com"]

[Event "Titled Tuesday Blitz May 9 Early 2023"]
[White "Jesusesmifuerza"]
[Black "Hercegovac, Neven"]
[BlackFideId "2839135"]
[WhiteElo "2110"]
[BlackElo "2075"]
[Result "0-1"]
[Round "10"]
[TimeControl "180+2"]
[Date "2023.05.09"]
[WhiteClock "0:00:00"]
[BlackClock "0:00:17"]

1. d4 d5 2. Nc3 Nf6 3. Bf4 e6 4. Nb5 Na6 5. e3 Be7 6. Nf3 O-O 7. h4 c6 8. Nc3 c5 9. h5 h6 10. g4 Nh7 11. Bxa6 bxa6 12. dxc5 Ng5 13. Nxg5 Bxg5 14. Bd6 Be7 15. e4 Bxd6 16. cxd6 Qxd6 17. exd5 exd5 18. Qd4 Re8+ 19. Kd2 Rb8 20. Rhe1 Be6 21. Rad1 Rxb2 22. Nxd5 Rb6 23. Kc1 Qa3+ 24. Kd2 Rd6 25. c4 Qxa2+ 26. Kc3 Rb8 27. Nf6+ gxf6 28. Qxd6 Qxc4+ 29. Kd2 Rb2+ 30. Ke3 Rb3+ 31. Kd2 Qc3+ 32. Ke2 Bc4+ 0-1


[Site "https://www.chess.com"]

[Event "Titled Tuesday Blitz May 9 Early 2023"]
[White "Hartikainen, Jarmo"]
[Black "Ciuffoletti, Paolo"]
[WhiteFideId "503134"]
[BlackFideId "807630"]
[WhiteElo "2089"]
[BlackElo "2143"]
[Result "0-1"]
[Round "10"]
[TimeControl "180+2"]
[Date "2023.05.09"]
[WhiteClock "0:00:15"]
[BlackClock "0:00:06"]

1. e4 c5 2. c3 d5 3. exd5 Qxd5 4. d4 Nc6 5. Nf3 Nf6 6. Na3 e6 7. Be3 cxd4 8. Nb5 Qd8 9. Nbxd4 Nxd4 10. Qxd4 Qxd4 11. Nxd4 a6 12. a4 Nd5 13. Bd2 Bc5 14. Be2 O-O 15. O-O b6 16. Bf3 Bxd4 17. cxd4 Bb7 18. Rfc1 Rac8 19. Rxc8 Rxc8 20. Rc1 Rxc1+ 21. Bxc1 Bc6 22. b3 Nb4 23. Bxc6 Nxc6 24. Bb2 Kf8 25. Bc3 f6 26. Kf1 Ke7 27. Ke2 Kd6 28. Kd3 Kd5 29. f3 g5 30. g3 h5 31. Ke3 Ne7 32. Kd3 Nf5 33. Bb2 h4 34. g4 Ne7 35. Bc3 Ng6 36. Bd2 h3 37. Be3 Nh4 38. f4 Nf3 39. fxg5 fxg5 40. b4 Nxh2 41. Bxg5 Nxg4 42. Bf4 h2 43. Bxh2 Nxh2 44. Kc3 Ng4 45. b5 a5 46. Kd3 Nf6 47. Ke3 Ne8 48. Kd3 Nd6 49. Kc3 Nc4 50. Kd3 Nb2+ 51. Ke3 Nxa4 52. Kd3 Nb2+ 53. Kc3 Nc4 54. Kd3 a4 55. Kc3 a3 56. Kb3 Kxd4 57. Ka2 e5 58. Kb3 e4 59. Ka2 e3 60. Kb3 e2 61. Ka2 e1=Q 62. Kb3 Qb1+ 63. Ka4 Qc2+ 64. Kb4 Qc3+ 65. Ka4 Nb2# 0-1


[Site "https://www.chess.com"]

[Event "Titled Tuesday Blitz May 9 Early 2023"]
[White "Simonovic, Miroslav"]
[Black "Larina, Maria"]
[WhiteFideId "919152"]
[BlackFideId "24113182"]
[WhiteElo "2042"]
[BlackElo "1848"]
[Result "1/2-1/2"]
[Round "10"]
[TimeControl "180+2"]
[Date "2023.05.09"]
[WhiteClock "0:00:35"]
[BlackClock "0:00:07"]

1. d4 f5 2. Bg5 g6 3. h4 h6 4. Bf4 Nf6 5. c4 d6 6. Nc3 Bg7 7. Nf3 O-O 8. Qd2 Ng4 9. e3 Nc6 10. O-O-O e5 11. dxe5 dxe5 12. Qxd8 Rxd8 13. Rxd8+ Nxd8 14. Bg3 c6 15. Be2 Nf7 16. Rd1 Be6 17. Nh2 Nxh2 18. Bxh2 Rd8 19. Rxd8+ Nxd8 20. Kc2 e4 21. b3 Nf7 22. Bb8 a6 23. Na4 Ne5 24. Bxe5 Bxe5 25. g3 Kf7 26. Nc3 Ke7 27. a3 a5 28. b4 axb4 29. axb4 b6 30. c5 bxc5 31. bxc5 g5 32. hxg5 hxg5 33. Na4 Bd5 34. Nb6 Ke6 35. Ba6 Bc7 36. Bc8+ Kf6 37. Kc3 f4 38. gxf4 gxf4 39. Nxd5+ cxd5 40. Kd4 fxe3 41. fxe3 Ke7 42. Kxd5 Ba5 43. Kxe4 Bb4 44. Kd5 Bd2 45. e4 Kd8 46. Bf5 Bf4 47. e5 Bg5 48. Kd6 Be7+ 49. Kd5 Kc7 50. Ke6 Bxc5 51. Kf7 Kd8 52. e6 Be7 53. Bd3 Bd6 54. Bb5 Be7 55. Bd7 Bd6 56. Bc6 Be7 57. Bb5 Bd6 58. e7+ Bxe7 1/2-1/2


[Site "https://www.chess.com"]

[Event "Titled Tuesday Blitz May 9 Early 2023"]
[White "Ivic, Velimir"]
[Black "Shimanov, Aleksandr"]
[WhiteFideId "950122"]
[BlackFideId "4198603"]
[WhiteElo "2563"]
[BlackElo "2631"]
[Result "1-0"]
[Round "11"]
[TimeControl "180+2"]
[Date "2023.05.09"]
[WhiteClock "0:00:05"]
[BlackClock "0:00:00"]

1. e4 d5 2. exd5 Qxd5 3. Nc3 Qe5+ 4. Be2 Bg4 5. d4 Bxe2 6. Ngxe2 Qa5 7. b4 Qh5 8. Qd3 e6 9. Nf4 Qf5 10. Qxf5 exf5 11. Nfd5 Kd7 12. b5 Bd6 13. O-O c6 14. bxc6+ Nxc6 15. Rb1 Rb8 16. Nb5 Nge7 17. Nxe7 Bxe7 18. Bf4 Ra8 19. c4 g5 20. Bd2 b6 21. c5 a6 22. Nc3 bxc5 23. dxc5 Rhd8 24. Nd5 Rab8 25. Nxe7 Kxe7 26. Bxg5+ f6 27. Bf4 Rb5 28. Bd6+ Kf7 29. a4 Rxb1 30. Rxb1 a5 31. Rb6 Rc8 32. g3 Ke6 33. Kg2 Kd5 34. Kf3 Re8 35. Rb7 Re4 36. Rxh7 Rxa4 37. h4 Ra1 38. h5 a4 39. Rh8 a3 40. Ra8 Rh1 41. Rxa3 Rxh5 42. Re3 Rg5 43. Kf4 Nd4 44. Rd3 Rg4+ 45. Ke3 Re4+ 46. Kd2 Kc4 47. Re3 Nc6 48. Rxe4+ fxe4 49. Ke3 Kd5 50. Kf4 Nd4 51. g4 Ke6 52. Kxe4 Ne2 53. f4 Nc3+ 54. Kd3 Nb5 55. f5+ Kd5 56. Be7 Ke5 57. Kc4 Na7 58. Bd6+ Ke4 59. Bc7 Nc6 60. Kb5 Kd5 61. Kb6 Nd4 62. Bd8 Nc6 63. Bxf6 Na5 64. Kxa5 1-0


[Site "https://www.chess.com"]

[Event "Titled Tuesday Blitz May 9 Early 2023"]
[White "demon64fields"]
[Black "Carlsen, Magnus"]
[BlackFideId "1503014"]
[WhiteElo "2929"]
[BlackElo "2852"]
[Result "0-1"]
[Round "11"]
[TimeControl "180+2"]
[Date "2023.05.09"]
[WhiteClock "0:00:00"]
[BlackClock "0:00:45"]

1. Nf3 h6 2. d4 Nf6 3. g3 d5 4. Bg2 Bf5 5. O-O e6 6. c4 c6 7. Qb3 Qb6 8. Nc3 Nbd7 9. c5 Qa6 10. Bf4 Be7 11. Rfc1 b6 12. Bd6 bxc5 13. Bxe7 Kxe7 14. Na4 Rhb8 15. Qa3 Kf8 16. Nxc5 Qxa3 17. bxa3 Nxc5 18. Rxc5 Rb2 19. Rxc6 Rab8 20. Bf1 g5 21. Rc7 R8b7 22. Rac1 Rxc7 23. Rxc7 Rb1 24. Kg2 Be4 25. h3 h5 26. Kg1 Bxf3 27. exf3 h4 28. g4 Ng8 29. Rxa7 Ne7 30. Kg2 Ng6 31. Ba6 Nf4+ 32. Kh2 Rb2 33. a4 Rxf2+ 34. Kh1 Rxf3 35. a5 Rxh3+ 36. Kg1 Ra3 37. Bb5 Rxa2 38. a6 Ne2+ 39. Bxe2 Rxe2 40. Rb7 Ra2 41. a7 Kg7 42. Kh1 Kg6 43. Re7 Kf6 44. Rb7 Kg6 45. Re7 h3 46. Kg1 Kg7 47. Kh1 Kf6 48. Rb7 e5 49. Rb6+ Kg7 50. dxe5 Rxa7 51. Rd6 Ra4 52. Kh2 Rxg4 53. Rxd5 Rh4 54. Rd6 Re4 55. Rd5 Re3 0-1


[Site "https://www.chess.com"]

[Event "Titled Tuesday Blitz May 9 Early 2023"]
[White "Bluebaum, Matthias"]
[Black "Sokolovsky, Yahli"]
[WhiteFideId "24651516"]
[BlackFideId "2820242"]
[WhiteElo "2639"]
[BlackElo "2389"]
[Result "1/2-1/2"]
[Round "11"]
[TimeControl "180+2"]
[Date "2023.05.09"]
[WhiteClock "0:00:11"]
[BlackClock "0:00:03"]

1. d4 d5 2. c4 e6 3. Nc3 c6 4. Nf3 Nd7 5. e4 dxe4 6. Nxe4 Ngf6 7. Qc2 Nxe4 8. Qxe4 Nf6 9. Qc2 c5 10. dxc5 Bxc5 11. Bd3 Bb4+ 12. Bd2 Qa5 13. O-O Bxd2 14. Nxd2 Bd7 15. a3 Qh5 16. Ne4 Bc6 17. Nxf6+ gxf6 18. Be4 Rc8 19. Bxc6+ Rxc6 20. Rad1 Qg4 21. Qc3 O-O 22. Qxf6 Rxc4 23. Rd3 Qg6 24. Rg3 Rg4 25. Rxg4 Qxg4 26. Rc1 Qg7 27. Qxg7+ Kxg7 28. Rc7 Rd8 29. g3 Rb8 30. Kg2 e5 31. Kf3 Kf6 32. Ke4 Ke6 33. g4 h6 34. f4 exf4 35. Kxf4 a6 36. h3 Kf6 37. a4 Kg7 38. Kf5 b5 39. a5 b4 40. Rc5 Rd8 41. Ke4 Rd2 42. Rc6 Rxb2 43. Rxa6 Rh2 44. Rb6 Rxh3 45. Rxb4 Ra3 46. Rb5 Kg6 47. Kf4 f6 48. Rc5 Rb3 49. Rd5 Ra3 50. Rb5 Ra4+ 51. Kg3 Ra3+ 52. Kf4 Ra4+ 53. Kg3 Ra3+ 54. Kf4 1/2-1/2


[Site "https://www.chess.com"]

[Event "Titled Tuesday Blitz May 9 Early 2023"]
[White "Donchenko, Alexander"]
[Black "Lenderman, Aleksandr"]
[WhiteFideId "24603295"]
[BlackFideId "2021285"]
[WhiteElo "2554"]
[BlackElo "2607"]
[Result "0-1"]
[Round "11"]
[TimeControl "180+2"]
[Date "2023.05.09"]
[WhiteClock "0:00:00"]
[BlackClock "0:00:18"]

1. c4 e6 2. g3 d5 3. Bg2 c6 4. Nf3 Nf6 5. b3 g6 6. Bb2 Bg7 7. O-O O-O 8. d3 Nbd7 9. Nbd2 b6 10. Qc2 Bb7 11. Rfd1 c5 12. e3 Qe7 13. Rac1 Rfd8 14. cxd5 Nxd5 15. Bxg7 Kxg7 16. a3 Rac8 17. Nc4 N7f6 18. Nfe5 Qc7 19. Qb2 Kg8 20. e4 Ne7 21. Nxg6 hxg6 22. Qxf6 Nc6 23. e5 Nd4 24. Nd6 Ne2+ 25. Kf1 Nxc1 26. Bxb7 Rxd6 27. exd6 Qxb7 28. Rxc1 Qh1+ 29. Ke2 Qxc1 30. d7 Rf8 31. d8=Q Rxd8 32. Qxd8+ Kg7 33. Qc7 Qxa3 34. Qe5+ Kg8 35. Qb8+ Kh7 36. Qc7 Qb2+ 37. Kf1 Kg7 38. Qxa7 Qxb3 39. Qa1+ Kh7 40. Ke2 c4 41. dxc4 Qxc4+ 42. Kf3 Qd5+ 43. Ke2 Qe4+ 44. Kd2 Qf5 45. Ke2 b5 46. Qd4 Qd5 47. Qa7 e5 48. Qb6 Qc4+ 49. Kf3 b4 50. h4 b3 51. Kg2 Qe4+ 52. Kg1 Qd5 53. Qb4 Kg7 54. Qc3 Qb5 55. Qb2 Kg8 56. Kh2 Qd5 57. Kg1 e4 58. Kh2 Qd3 59. h5 gxh5 60. Qe5 Qf3 61. Kg1 Kh7 0-1


[Site "https://www.chess.com"]

[Event "Titled Tuesday Blitz May 9 Early 2023"]
[White "Livaic, Leon"]
[Black "Terry, Renato"]
[WhiteFideId "14531534"]
[BlackFideId "3803457"]
[WhiteElo "2522"]
[BlackElo "2575"]
[Result "0-1"]
[Round "11"]
[TimeControl "180+2"]
[Date "2023.05.09"]
[WhiteClock "0:00:56"]
[BlackClock "0:01:06"]

1. d4 e6 2. c4 Bb4+ 3. Bd2 Qe7 4. Nf3 Nf6 5. e3 O-O 6. Bxb4 Qxb4+ 7. Qd2 Qxd2+ 8. Nfxd2 d6 9. Nc3 e5 10. d5 a5 11. f3 Na6 12. Bd3 Nc5 13. Bc2 Bd7 14. b3 Rfb8 15. a4 c6 16. e4 Na6 17. O-O-O Kf8 18. g4 Ke7 19. h4 Rc8 20. Kb2 Nb4 21. Nf1 cxd5 22. exd5 h5 23. g5 Ne8 24. Ng3 g6 25. Rhf1 Nxc2 26. Kxc2 f5 27. f4 e4 28. Nge2 Nc7 29. Nd4 Na6 30. Rb1 Nc5 31. Nd1 Kd8 32. Ne3 Kc7 33. Kc3 b6 34. Ra1 Kb7 35. Rfb1 Nd3 36. Nec2 Nxf4 37. Kd2 Nd3 38. Na3 f4 39. Nab5 Bxb5 40. axb5 Nc5 41. Rf1 Rf8 42. Rae1 Rae8 43. Kc3 e3 44. Nf3 Re4 45. Re2 Rc8 46. Rd1 a4 47. Nd4 Nxb3 48. Nc6 f3 49. Ra2 e2 50. Rxa4 Na5 51. Rda1 e1=Q+ 0-1


[Site "https://www.chess.com"]

[Event "Titled Tuesday Blitz May 9 Early 2023"]
[White "Nakamura, Hikaru"]
[Black "Bortnyk, Olexandr"]
[WhiteFideId "2016192"]
[BlackFideId "14120828"]
[WhiteElo "2885"]
[BlackElo "2734"]
[Result "1/2-1/2"]
[Round "11"]
[TimeControl "180+2"]
[Date "2023.05.09"]
[WhiteClock "0:00:04"]
[BlackClock "0:00:11"]

1. Nf3 Nf6 2. d4 b6 3. Bf4 Bb7 4. e3 d6 5. h3 g6 6. c4 Bg7 7. Nc3 O-O 8. Qc2 a5 9. O-O-O a4 10. a3 Nc6 11. Nxa4 d5 12. Ne5 Na5 13. c5 Qe8 14. cxb6 cxb6 15. Nxb6 Rb8 16. Qc3 Nc6 17. Bb5 Ne4 18. Bxc6 Bxc6 19. Qxc6 Bxe5 20. Qxe8 Rfxe8 21. Nxd5 Bxf4 22. Nxf4 Rec8+ 23. Kb1 Nxf2 24. Rhf1 Nxd1 25. Rxd1 e6 26. Nd3 Rc3 27. Ka2 Rc2 28. g4 Kf8 29. a4 Ke7 30. Ka3 Re2 31. a5 Rxe3 32. b4 Kd6 33. Ka4 Kd5 34. Nc5 Re2 35. Kb3 Re3+ 36. Ka4 Re2 37. Kb3 Re3+ 38. Ka4 1/2-1/2


[Site "https://www.chess.com"]

[Event "Titled Tuesday Blitz May 9 Early 2023"]
[White "Kamsky, Gata"]
[Black "Matlakov, Maxim"]
[WhiteFideId "2000024"]
[BlackFideId "4168003"]
[WhiteElo "2660"]
[BlackElo "2666"]
[Result "1-0"]
[Round "11"]
[TimeControl "180+2"]
[Date "2023.05.09"]
[WhiteClock "0:00:50"]
[BlackClock "0:00:42"]

1. d4 d5 2. Bf4 c5 3. e3 Nc6 4. c3 cxd4 5. exd4 f6 6. Bb5 g5 7. Qh5+ Kd7 8. Bc1 Qe8 9. Qf3 e6 10. h4 gxh4 11. Rxh4 Bd6 12. Ne2 a6 13. Ba4 Kc7 14. Bf4 e5 15. Bg3 Be6 16. Nd2 Rd8 17. c4 Bb4 18. dxe5 Bxd2+ 19. Kxd2 dxc4+ 20. Ke1 f5 21. Bxc6 bxc6 22. Nd4 Bd5 23. e6+ Kb7 24. Qxf5 Ne7 25. Qe5 Ng6 26. Qc7+ Ka8 27. Qb6 Qe7 28. Qxa6+ Qa7 29. Qxa7+ Kxa7 30. Rh5 Bxg2 31. Rd1 c5 32. Rxc5 Rhe8 33. Rxc4 Bd5 34. Rc7+ Kb6 35. Rd2 Bxe6 36. Rc6+ 1-0


[Site "https://www.chess.com"]

[Event "Titled Tuesday Blitz May 9 Early 2023"]
[White "Ter-Sahakyan, Samvel"]
[Black "Zhigalko, Sergei"]
[WhiteFideId "13302531"]
[BlackFideId "13502956"]
[WhiteElo "2545"]
[BlackElo "2626"]
[Result "0-1"]
[Round "11"]
[TimeControl "180+2"]
[Date "2023.05.09"]
[WhiteClock "0:00:08"]
[BlackClock "0:00:02"]

1. d4 Nf6 2. c4 e6 3. Nf3 b6 4. g3 Ba6 5. b3 Bb4+ 6. Bd2 Be7 7. Nc3 O-O 8. Bg2 c6 9. Qc2 d5 10. h4 Nbd7 11. Ng5 Rc8 12. e4 dxe4 13. Ncxe4 h6 14. O-O-O Nxe4 15. Bxe4 Nf6 16. Bf4 Qd7 17. Bh7+ Kh8 18. Be5 Nd5 19. Bg8 f5 20. Bxe6 Ba3+ 21. Kb1 Qe7 22. cxd5 cxd5 23. Bxc8 Bxc8 24. Qc7 Qxc7 25. Bxc7 hxg5 26. hxg5+ Kg8 27. Be5 f4 28. gxf4 Bf5+ 29. Ka1 Rc8 30. g6 Rc2 31. Rh5 Bd3 32. Rb1 Bb4 0-1


[Site "https://www.chess.com"]